 Dungeon Crawl Stone Soup version 0.28-a0-1002-gf00fe891ef (webtiles) character file.

Game seed: 12519462551539507420

4555 vurker the Zephyrmancer (level 10, 0/60 HPs)
             Began as a Tengu Air Elementalist on Dec 6, 2021.
             Was a Believer of Vehumet.
             Succumbed to a killer bee's poison
             ... on level 8 of the Dungeon.
             The game lasted 00:12:25 (10967 turns).

vurker the Zephyrmancer (Tengu Air Elementalist)   Turns: 10967, Time: 00:12:25

Health: 0/60       AC:  4    Str: 11    XL:     10   Next: 40%
Magic:  29/32      EV: 14    Int: 21    God:    Vehumet [**....]
Gold:   343        SH:  0    Dex: 14    Spells: 20/25 levels left

rFire   + . .      SeeInvis .   r - staff of air
rCold   . . .      Faith    .   (no shield)
rNeg    + . .      Spirit   .   a - +0 robe
rPois   .          Reflect  .   (helmet restricted)
rElec   +          Harm     .   m - +1 cloak
rCorr   .          Rampage  .   (no gloves)
Will    .....                   (boots unavailable)
Stlth   +.........              (no amulet)
HPRegen 0.20/turn               g - ring of magical power
MPRegen 0.23/turn               s - ring of Yendor {rF+ rN+ Str+3 Stlth-}

@: lethally poisoned (0 -> -9), flying quickly and evasively, quick
A: beak, talons 3, nimble flight
a: Renounce Religion


You were on level 8 of the Dungeon.
You worshipped Vehumet.
Vehumet was pleased with you.
You visited 2 branches of the dungeon, and saw 10 of its levels.

You collected 343 gold pieces.

Inventory:

Armour
 a - a +0 robe (worn)
 m - a +1 cloak (worn)
   (You found it on level 3 of the Dungeon)
Magical Staves
 k - a staff of fire
   (You found it on level 3 of the Dungeon)
 n - a staff of cold
   (You found it on level 7 of the Dungeon)
 r - a staff of air (weapon)
   (You acquired it on level 5 of the Dungeon)
Jewellery
 g - a ring of magical power (left hand)
   (You acquired it on level 5 of the Dungeon)
 h - a ring of ice
   (You found it on level 7 of the Dungeon)
 s - the ring of Yendor (right hand) {rF+ rN+ Str+3 Stlth-}
   (You acquired it on level 5 of the Dungeon)

   [ring of positive energy]

   Str:       It affects your strength (+3).
   rF:        It protects you from fire.
   rN:        It protects you from negative energy.
   Stlth:     It makes you less stealthy.
 t - an amulet of the acrobat
   (You took it off an orc on level 8 of the Dungeon)
Wands
 l - a wand of mindburst (1)
   (You found it on level 7 of the Dungeon)
 x - a wand of acid (5)
   (You took it off Ijyb on level 3 of the Dungeon)
Scrolls
 b - a scroll of magic mapping
 c - 7 scrolls of teleportation
 v - a scroll of amnesia {unknown}
Potions
 d - a potion of haste
 e - 2 potions of cancellation
 f - 3 potions of brilliance
 i - 3 potions of invisibility {unknown}
 o - 2 potions of curing
 p - 2 potions of lignification
 q - a potion of degeneration {unknown}
 u - 2 potions of mutation {unknown}


   Skills:
 + Level 5.8 Fighting
 - Level 2.1 Dodging
 - Level 2.0 Stealth
 * Level 8.2 Spellcasting
 - Level 8.0 Conjurations
 * Level 11.9 Air Magic


You had 20 spell levels left.
You knew the following spells:

 Your Spells              Type           Power      Damage    Failure   Level
a - Shock                 Conj/Air       100%       1d9       1%          1
c - Airstrike             Air            36%        N/A       1%          4

Your spell library contained the following spells:

 Spells                   Type           Power      Damage    Failure   Level
 Poisonous Vapours        Pois/Air       100%       N/A       1%          2
 Static Discharge         Conj/Air       66%        N/A       1%          2
 Swiftness                Air            73%        N/A       1%          3
 Pain                     Necr           32%        1d5       8%          1
 Agony                    Necr           8%         N/A       91%         5
 Excruciating Wounds      Necr           4%         N/A       91%         5


Dungeon Overview and Level Annotations

Branches:
Dungeon (9/15)             Temple (1/1) D:4
   Lair: D:8-11         Orc: D:9-12

Altars:
Ashenzari
Cheibriados
Dithmenos
Elyvilon
Fedhas
Gozag
Hepliaklqana
Kikubaaqudgha
Makhleb
Nemelex Xobeh
Okawaru
Qazlal
Ru
Sif Muna
Trog
Uskayaw
Vehumet
Wu Jian
Xom
Yredelemnul
Zin
The Shining One

Shops:
D:3 =   D:5 [[*[(


Innate Abilities, Weirdness & Mutations

You have a beak for a mouth.
You have claws for feet.
Your magical nature lets you fly swiftly and evasively.


Message History

You feel a surge of power!
The zap hits the wolf!
You kill the wolf!
Vehumet accepts your kill.
The hound barks!
You hear a bark!
A wolf comes into view.
An orc comes into view. It is wielding a +0 dagger.
The wolf howls!
You fly upwards.
There is a stone staircase leading down here.
There is a stone staircase leading down here.
You start resting.
You fly downwards.
The killer bee buzzes angrily. x4; The yak bellows! x4
The killer bee buzzes angrily.
You hear an angry hiss.
The killer bee stings you but does no damage. x3
The killer bee barely misses you. The killer bee misses you.
The yak misses you. The killer bee stings you.
Found a hunting sling and 21 sling bullets.
There is a stone staircase leading up here.
The killer bee closely misses you. The killer bee stings you.
You are poisoned.
The killer bee poisons you! The yak closely misses you.
The killer bee closely misses you. The killer bee misses you.
The yak gores you.
You fly upwards.
You feel sick.
There is a stone staircase leading down here.
Aim: a killer bee (empty space bonus: 5/8)
You feel a surge of power!
The air twists around and strikes the killer bee!
You feel sick. The killer bee stings you. The yak gores you!
The killer bee barely misses you. The yak gores you!
* * * LOW HITPOINT WARNING * * *
You feel sick. The killer bee closely misses you. The yak gores you!
* * * LOW HITPOINT WARNING * * *
You feel sick. The killer bee stings you.
* * * LOW HITPOINT WARNING * * *
You are lethally poisoned!
The killer bee poisons you!
Okay, then.
You feel better. The killer bee stings you.
* * * LOW HITPOINT WARNING * * *
You are poisoned.
The killer bee poisons you! The yak gores you!
* * * LOW HITPOINT WARNING * * *
The killer bee misses you. The yak gores you.
* * * LOW HITPOINT WARNING * * *
As you read the scroll of fear, it crumbles to dust.
You assume a fearsome visage.
The yak looks frightened! x2
The killer bee looks frightened!
You die...

##.##.....................
#..)...............##..#..
#.........................
####..#......................
####.....#.......##.............
##...............................
#.............>..................
##.............yY........##.....#
.#.............Y@.......##..#.###
.#........#..............#..#####
...#.#....#.................#....
...###.#................[[.....#.
.....#>#..#.............[.#..###.
........................###......
#####........###.........###.^...
##........#...........#......
##.###...##.##....#.........


You could see 2 yaks and a killer bee (fleeing).

Vanquished Creatures
  A catoblepas (D:7)
  Sigmund (D:2)
  2 steam dragons
  4 yaks
  A water moccasin (D:5)
  An orc warrior (D:8)
  A black bear (D:5)
  A necrophage (D:5)
  A sky beast (D:7)
  A wolf (D:9)
  5 centaurs
  2 phantoms
  4 ogres (D:6)
  A gnoll sergeant (D:5)
  2 bullfrogs (D:7)
  A water moccasin zombie (D:5)
  4 killer bees (D:7)
  6 howler monkeys
  A centaur zombie (D:8)
  Crazy Yiuf (D:7)
  A bullfrog zombie (D:5)
  A bullfrog skeleton (D:5)
  2 centaur skeletons
  7 hounds
  2 orc priests (D:8)
  Ijyb (D:3)
  4 orc wizards
  Natasha (thrice) (D:3)
  An iguana (D:5)
  A hound skeleton (D:4)
  8 gnolls
  A howler monkey skeleton (D:6)
  2 adders
  A white imp (D:6)
  2 ufetubi
  2 adder skeletons
  A worm (D:3)
  2 dart slugs
  19 orcs
  A bat (D:1)
  5 endoplasms
  4 giant cockroaches
  6 goblins
  8 hobgoblins
  3 jackals (D:3)
  2 kobolds (D:3)
  2 quokkas
  8 ball pythons
  A ball python skeleton (D:3)
  12 frilled lizards
  2 quokka skeletons (D:3)
  3 rats
159 creatures vanquished.

Vanquished Creatures (others)
  10 plants
  2 withered plants (D:3)
12 creatures vanquished.

Grand Total: 171 creatures vanquished

Notes
Turn   | Place    | Note
-------+----------+-------------------------------------------
     0 | D:1      | vurker the Tengu Air Elementalist began the quest for the
                  | Orb.
     0 | D:1      | Reached XP level 1. HP: 10/10 MP: 4/4
   276 | D:1      | Reached XP level 2. HP: 16/16 MP: 3/6
   908 | D:2      | Reached XP level 3. HP: 20/20 MP: 2/7
  1014 | D:2      | Noticed Sigmund
  1409 | D:2      | Found a faded altar of an unknown god.
  1530 | D:2      | Reached skill level 1 in Fighting
  1832 | D:2      | Killed Sigmund
  1833 | D:2      | Reached skill level 5 in Air Magic
  1833 | D:2      | Reached XP level 4. HP: 22/26 MP: 1/10
  1833 | D:2      | Gained mutation: Your magical nature lets you fly swiftly
                  | and evasively. [Tengu growth]
  1833 | D:2      | Reached XP level 5. HP: 26/30 MP: 1/11
  2278 | D:3      | Noticed Ijyb
  2309 | D:2      | Learned a level 4 spell: Airstrike
  2700 | D:3      | Noticed Natasha
  2706 | D:3      | Killed Natasha
  2707 | D:3      | Reached skill level 6 in Air Magic
  2707 | D:3      | Reached XP level 6. HP: 26/35 MP: 5/12
  2790 | D:3      | Found Nuil's Jewellery Shoppe.
  2867 | D:3      | Noticed Natasha
  2871 | D:3      | Killed Natasha
  2952 | D:3      | Noticed Natasha
  2960 | D:3      | Killed Natasha
  3861 | D:3      | Killed Ijyb
  4178 | D:4      | Found a staircase to the Ecumenical Temple.
  4194 | Temple   | Entered the Ecumenical Temple
  4409 | Temple   | Became a worshipper of Vehumet
  4725 | D:4      | Reached XP level 7. HP: 37/40 MP: 7/14
  5146 | D:5      | Entered Level 5 of the Dungeon
  5147 | D:5      | Identified 3 scrolls of acquirement
  5147 | D:5      | Acquired a staff of air
  5150 | D:5      | Acquired the ring of Yendor {rF+ rN+ Str+3 Stlth-}
  5153 | D:5      | Acquired a ring of magical power
  5225 | D:5      | Reached skill level 7 in Air Magic
  5545 | D:5      | Found Mumeik's Assorted Antiques.
  5557 | D:5      | Identified the +1 leather armour of Fortitude {rF- rN+
                  | Str+2 Int+3}
  5659 | D:5      | Found Jesief's Antique Armour Emporium.
  5828 | D:5      | Reached skill level 5 in Spellcasting
  5828 | D:5      | Reached XP level 8. HP: 46/46 MP: 12/16
  5992 | D:5      | Found Xuekkutigu's Antique Armour Boutique.
  6060 | D:5      | Reached skill level 5 in Conjurations
  6102 | D:5      | Reached skill level 8 in Air Magic
  6223 | D:5      | Found Ruosic's Weapon Shoppe.
  6411 | D:5      | Found Qoghyrpho's Antique Armour Emporium.
  7171 | D:6      | Reached skill level 9 in Air Magic
  7354 | D:6      | Found a snail-covered altar of Cheibriados.
  7578 | D:6      | Reached XP level 9. HP: 52/52 MP: 15/19
  8127 | D:7      | Reached * piety under Vehumet
  8127 | D:7      | Offered knowledge of Sandblast by Vehumet.
  8494 | D:7      | Reached skill level 10 in Air Magic
  9072 | D:7      | Found a runed translucent door.
  9073 | D:7      | Noticed Crazy Yiuf
  9202 | D:7      | Killed Crazy Yiuf
  9866 | D:8      | Reached skill level 5 in Fighting
  9868 | D:8      | Noticed a catoblepas
 10043 | D:8      | Reached skill level 11 in Air Magic
 10082 | D:7      | Reached XP level 10. HP: 45/59 MP: 3/22
 10292 | D:8      | Reached ** piety under Vehumet
 10292 | D:8      | Offered knowledge of Poisonous Vapours by Vehumet.
 10352 | D:7      | Killed a catoblepas
 10966 | D:8      | HP: 3/60 [yak (1)]
 10967 | D:8      | Succumbed to a killer bee's poison

Illustrated notes

Levels and vault maps discovered:
D:1:      minmay_arrival_glassed_features, layout_basic, minmay_splitting_lines
D:2:      layout_loops_corners, ebering_ecumenical_altar_sacrificial,
          minmay_ruptured, uniq_sigmund
D:3:      layout_basic, serial_shops,
          nicolae_shop_temple_entry_statues_fountains, serial_undead,
          serial_undead_e, serial_undead_a, serial_undead_b, serial_undead_f,
          serial_undead_b, serial_undead_d, serial_undead_a,
          serial_park_tiny_pond, chequers_big_river, minmay_lizard_king,
          uniq_natasha, uniq_ijyb
D:4:      layout_loops_cross, minmay_temple_entry_tees
D:5:      layout_loops_corners, serial_shops, nicolae_shop_window_shopping,
          nicolae_take_the_stairs, nicolae_shop_overgrown_old_shop, shop,
          nicolae_shop_trees
D:6:      layout_basic, mainiacjoe_overflow_brackets, nicolae_fountain_basement
D:7:      layout_cave_pools, uniq_crazy_yiuf_cottage
D:8:      layout_cave_pools, lightli_minifort
D:9:      layout_cave_pools, erik_lair_island
Temple:   roderic_octagonal_lattice_temple

Skill      XL: |  1  2  3  4  5  6  7  8  9 10 |
---------------+-------------------------------+-----
Conjurations   | 3 4 6 7 8 |  8.0
Fighting       | 1 2 3 4 5 |  5.8
Spellcasting   | 3 4 5 6 7 8 |  8.2
Air Magic      | 5 6 7 9 11 | 11.9
Dodging        | |  2.1
Stealth        | |  2.0

Action                   |  1- 3 |  4- 6 |  7- 9 | 10-12 || total
-------------------------+-------+-------+-------+-------++-------
 Cast: Shock             |    52 |   115 |    37 |     1 ||   205
       Airstrike         |       |     2 |   117 |    25 ||   144
Evoke: Wand              |       |       |       |     3 ||     3
  Use: Potion            |     1 |       |       |     1 ||     2
       Scroll            |       |       |    14 |     1 ||    15
Armor: Robe              |       |     2 |     6 |     5 ||    13
Dodge: Dodged            |     4 |    11 |    33 |    11 ||    59

Table legend: (Time is in decaauts)
 A = Elapsed time spent in this place.
 B = Non-inter-level travel time spent in this place.
 C = Inter-level travel time spent in this place.
 D = Time resting spent in this place.
 E = Time spent auto-exploring this place.
 F = Levels seen in this place.
 G = Mean time per level.
                   A        B        C        D        E       F      G
               +--------+--------+--------+--------+--------+-----+--------+
         Total |  10505 |  10108 |    397 |    964 |   8105 |  10 | 1050.5 |
       Dungeon |  10263 |   9879 |    384 |    964 |   7900 |   9 | 1140.3 |
        Temple |    241 |    229 |     12 |      0 |    204 |   1 |  241.0 |
               +--------+--------+--------+--------+--------+-----+--------+

Top non-repeatable levels by time:
     D:7: 1750 daAuts
     D:5: 1577 daAuts
     D:2: 1412 daAuts
     D:3: 1408 daAuts
     D:6: 1115 daAuts
     D:1: 1090 daAuts
     D:8: 1054 daAuts
     D:4: 834 daAuts
  Temple: 241 daAuts
     D:9: 19 daAuts
